MID
PEORIA CHIEFS @ DAYTON DRAGONS
07/18/2044
 
TOP OF THE 1ST
Peoria Chiefs batting - Pitching for Dayton Dragons : RHP Ricky Castillo
Pitching: RHP Ricky Castillo
Batting: LHB Ichiro Toyota 0-0: Called Strike
0-1: Swinging Strike
0-2: Strikes out swinging
Batting: RHB Melvin Enriquez 0-0: SINGLE (Line Drive, 4D, EV 95.6 MPH)
Batting: LHB Shigeru Ono 0-0: Ball
1-0: Called Strike
Melvin Enriquez steals 2nd base
1-1: Ball
Passed Ball!
Melvin Enriquez to third
2-1: Ball
Passed Ball!
Melvin Enriquez scores
3-1: Fly out, F3 (Flyball, 3D, EV 81.9 MPH)
Batting: RHB Dan Boykins 0-0: Ball
1-0: Ball
2-0: Ground out 6-3 (Groundball, 6, EV 91.2 MPH)
Top of the 1st over - 1 run, 1 hit, 0 errors, 0 left on base; Peoria 1 - Dayton 0
BOTTOM OF THE 1ST
Dayton Dragons batting - Pitching for Peoria Chiefs : RHP Matt Hamm
Pitching: RHP Matt Hamm
Batting: LHB Nick Nino 0-0: Ball
1-0: Called Strike
1-1: SINGLE (Line Drive, 89S, EV 85.6 MPH)
Batting: LHB Leo Gomez 0-0: Ball
1-0: SINGLE (Line Drive, 4D, EV 104.4 MPH)
Nick Nino to second
Runner from 2nd tries for 3rd, OUT! 9-5
Batting: LHB Chris Grunwald 0-0: Called Strike
Leo Gomez steals 2nd base
0-1: Ball
1-1: Swinging Strike
1-2: Strikes out swinging
Batting: SHB Kristian Kristensen 0-0: Called Strike
0-1: Foul Ball, location: 2F
0-2: Ball
1-2: Ball
2-2: Foul Ball, location: 2F
2-2: Foul Ball, location: 2F
2-2: Ball
3-2: 2-RUN HOME RUN (Flyball, 9D, EV 94.4 MPH), Distance : 372 ft
Batting: RHB Bruno André 0-0: Called Strike
0-1: Ball
1-1: Called Strike
1-2: Ball
2-2: Fly out, F4 (Popup, 23, EV 81.9 MPH)
Bottom of the 1st over - 2 runs, 3 hits, 0 errors, 0 left on base; Peoria 1 - Dayton 2
TOP OF THE 2ND
Peoria Chiefs batting - Pitching for Dayton Dragons : RHP Ricky Castillo
Batting: RHB Travis Leonard 0-0: Foul Ball, location: 2F
0-1: Ball
1-1: SINGLE (Groundball, 56S, EV 73.1 MPH) (infield hit)
Batting: LHB Jay Fenderson 0-0: Foul Ball, location: 2F
0-1: Hit by Pitch
Travis Leonard to second
Batting: RHB Justin Reich 0-0: Ball
1-0: Foul Ball, location: 2F
1-1: Foul Ball, location: 2F
1-2: Ball
2-2: Ball
3-2: Foul Ball, location: 2F
3-2: Foul Ball, location: 2F
3-2: Base on Balls
Travis Leonard to third
Jay Fenderson to second
Batting: SHB Josh Conner 0-0: Ball
1-0: Ball
Passed Ball!
Travis Leonard scores
Jay Fenderson to third
Justin Reich to second
2-0: Ball
Passed Ball!
Jay Fenderson scores
Justin Reich to third
3-0: Called Strike
3-1: Base on Balls
Batting: RHB Perry Huse 0-0: Foul Ball, location: 2F
0-1: Ball
1-1: Ball
2-1: Ball
3-1: Called Strike
3-2: Foul Ball, location: 2F
3-2: Strikes out swinging
Josh Conner steals 2nd base
Batter strikes out.
Batting: LHB Ichiro Toyota 0-0: Ball
Wild Pitch!
Justin Reich scores
Josh Conner to third
1-0: Ball
2-0: Ball
3-0: Called Strike
3-1: Foul Ball, location: 2F
3-2: Base on Balls
Batting: RHB Melvin Enriquez 0-0: Ball
1-0: Called Strike
Ichiro Toyota steals 2nd base
1-1: Ground out 6-3 (Groundball, 6, EV 104.4 MPH)
Josh Conner scores
Batting: LHB Shigeru Ono 0-0: Ground out 4-3 (Groundball, 4, EV 101.2 MPH)
Top of the 2nd over - 4 runs, 1 hit, 0 errors, 1 left on base; Peoria 5 - Dayton 2
BOTTOM OF THE 2ND
Dayton Dragons batting - Pitching for Peoria Chiefs : RHP Matt Hamm
Batting: RHB Mark Williams 0-0: Ball
1-0: SINGLE (Groundball, 34S, EV 65.0 MPH) (infield hit)
Batting: RHB Ben Hinman 0-0: Ball
1-0: Ball
2-0: Ball
3-0: Base on Balls
Mark Williams to second
Batting: RHB Jonathan Davis 0-0: SINGLE (Flyball, 8LS, EV 98.8 MPH)
Mark Williams to third
Ben Hinman to second
Runner from 3rd tries for Home, SAFE, throw by CF to home
Batting: LHB Matt Kennedy 0-0: Called Strike
0-1: Foul Ball, location: 2F
0-2: Ball
1-2: Ball
2-2: Grounds into double play, 6-4-3 (Groundball, 6, EV 91.2 MPH)
Ben Hinman to third
Batting: LHB Nick Nino 0-0: SINGLE (Groundball, 4MD, EV 99.4 MPH)
Ben Hinman scores
Batting: LHB Leo Gomez 0-0: Ball
Nick Nino steals 2nd base
1-0: Foul Ball, location: 2F
1-1: Swinging Strike
1-2: Ball
2-2: Strikes out swinging
Bottom of the 2nd over - 2 runs, 3 hits, 0 errors, 1 left on base; Peoria 5 - Dayton 4
TOP OF THE 3RD
Peoria Chiefs batting - Pitching for Dayton Dragons : RHP Ricky Castillo
Now at 2B: John Galluzzo
Batting: RHB Dan Boykins 0-0: Ground out 3-1 (Groundball, 34, EV 109.4 MPH)
Batting: RHB Travis Leonard 0-0: Ball
1-0: Foul Ball, location: 2F
1-1: DOUBLE (Line Drive, 78D, EV 106.2 MPH)
Batting: LHB Jay Fenderson 0-0: Swinging Strike
0-1: Foul Ball, location: 2F
0-2: Ball
Wild Pitch!
Travis Leonard to third
1-2: Fly out, F7 (Line Drive, 7, EV 99.4 MPH)
Runner from 3rd tags up, SCORES, throw by LF
Batting: RHB Justin Reich 0-0: Ball
1-0: Foul Ball, location: 2F
1-1: Called Strike
1-2: Strikes out looking
Top of the 3rd over - 1 run, 1 hit, 0 errors, 0 left on base; Peoria 6 - Dayton 4
BOTTOM OF THE 3RD
Dayton Dragons batting - Pitching for Peoria Chiefs : RHP Matt Hamm
Batting: LHB Chris Grunwald 0-0: Called Strike
0-1: Called Strike
0-2: Ball
1-2: Ball
2-2: Foul Ball, location: 2F
2-2: Ball
3-2: Base on Balls
Batting: SHB Kristian Kristensen 0-0: Grounds into double play, 6-4-3 (Groundball, 6, EV 90.6 MPH)
Batting: RHB Bruno André 0-0: Ball
1-0: Ball
2-0: Ball
3-0: Base on Balls
Batting: RHB John Galluzzo 0-0: Ball
Bruno André steals 2nd base
1-0: Foul Ball, location: 2F
1-1: Swinging Strike
1-2: Ground out 6-3 (Groundball, 6, EV 83.8 MPH)
Bottom of the 3rd over - 0 runs, 0 hits, 0 errors, 1 left on base; Peoria 6 - Dayton 4
TOP OF THE 4TH
Peoria Chiefs batting - Pitching for Dayton Dragons : RHP Ricky Castillo
Batting: SHB Josh Conner 0-0: Called Strike
0-1: Foul Ball, location: 2F
0-2: Ground out 6-3 (Groundball, 6, EV 84.4 MPH)
Batting: RHB Perry Huse 0-0: Called Strike
0-1: Ball
1-1: Swinging Strike
1-2: Strikes out looking
Batting: LHB Ichiro Toyota 0-0: Swinging Strike
0-1: Ground out 4-3 (Groundball, 4, EV 80.0 MPH)
Top of the 4th over - 0 runs, 0 hits, 0 errors, 0 left on base; Peoria 6 - Dayton 4
BOTTOM OF THE 4TH
Dayton Dragons batting - Pitching for Peoria Chiefs : RHP Matt Hamm
Batting: RHB Ben Hinman 0-0: Ball
1-0: Swinging Strike
1-1: Ball
2-1: Foul Ball, location: 2F
2-2: Ball
3-2: Base on Balls
Batting: RHB Jonathan Davis 0-0: DOUBLE (Line Drive, 7LM, EV 104.4 MPH)
Ben Hinman to third
Batting: LHB Matt Kennedy 0-0: SINGLE (Line Drive, 8RS, EV 90.6 MPH)
Ben Hinman scores
Jonathan Davis to third
Pitching: RHP Rich Young
Batting: LHB Nick Nino 0-0: Ball
1-0: Called Strike
1-1: Called Strike
1-2: Foul Ball, location: 2F
1-2: Strikes out swinging
Batting: LHB Leo Gomez 0-0: Swinging Strike
0-1: Foul Ball, location: 2F
0-2: SINGLE (Flyball, 56D, EV 83.8 MPH)
Jonathan Davis scores
Matt Kennedy to second
Batting: LHB Chris Grunwald 0-0: Ball
1-0: Ball
2-0: Foul Ball, location: 2F
2-1: SINGLE (Groundball, 34S, EV 73.8 MPH) (infield hit)
Matt Kennedy to third
Leo Gomez to second
Batting: SHB Kristian Kristensen 0-0: Called Strike
0-1: Called Strike
0-2: Foul Ball, location: 2F
0-2: Fly out, F9 (Flyball, 9S, EV 84.4 MPH)
Batting: RHB Bruno André 0-0: Called Strike
0-1: Foul Ball, location: 2F
0-2: Ball
1-2: Foul Ball, location: 2F
1-2: Ball
2-2: Fly out, F3 (Flyball, 3D, EV 83.8 MPH)
Bottom of the 4th over - 2 runs, 4 hits, 0 errors, 3 left on base; Peoria 6 - Dayton 6
TOP OF THE 5TH
Peoria Chiefs batting - Pitching for Dayton Dragons : RHP Ricky Castillo
Batting: RHB Melvin Enriquez 0-0: Ball
1-0: Foul Ball, location: 2F
1-1: Foul Ball, location: 2F
1-2: Ball
2-2: Fly out, F8 (Line Drive, 8LM, EV 96.9 MPH)
Batting: LHB Shigeru Ono 0-0: Ball
1-0: Ball
2-0: Ground out 4-3 (Groundball, 4S, EV 83.1 MPH)
Batting: RHB Dan Boykins 0-0: Called Strike
0-1: SOLO HOME RUN (Flyball, 78XD, EV 100.0 MPH), Distance : 402 ft
Pitching: RHP Doug Elliott
Batting: RHB Travis Leonard 0-0: Called Strike
0-1: Ball
1-1: Called Strike
1-2: Strikes out looking
Top of the 5th over - 1 run, 1 hit, 0 errors, 0 left on base; Peoria 7 - Dayton 6
BOTTOM OF THE 5TH
Dayton Dragons batting - Pitching for Peoria Chiefs : RHP Rich Young
Batting: RHB John Galluzzo 0-0: Ball
1-0: Called Strike
1-1: Ball
2-1: Ground out 5-3 (Groundball, 56, EV 78.8 MPH)
Batting: RHB Ben Hinman 0-0: Ball
1-0: Ball
2-0: Called Strike
2-1: Ball
3-1: Foul Ball, location: 2F
3-2: Strikes out looking
Pitching: LHP Ken Compton
Batting: RHB Jonathan Davis 0-0: DOUBLE (Line Drive, 9LD, EV 110.6 MPH)
Batting: LHB Matt Kennedy 0-0: Fly out, F5 (Popup, 56, EV 67.5 MPH)
Bottom of the 5th over - 0 runs, 1 hit, 0 errors, 1 left on base; Peoria 7 - Dayton 6
TOP OF THE 6TH
Peoria Chiefs batting - Pitching for Dayton Dragons : RHP Doug Elliott
Batting: LHB Jay Fenderson 0-0: Ball
1-0: Called Strike
1-1: Ball
2-1: Foul Ball, location: 2F
2-2: Strikes out swinging
Batting: RHB Justin Reich 0-0: Ball
1-0: Fly out, F9 (Line Drive, 9, EV 100.6 MPH)
Batting: SHB Josh Conner 0-0: Ball
1-0: Swinging Strike
1-1: Foul Ball, location: 2F
1-2: Strikes out looking
Top of the 6th over - 0 runs, 0 hits, 0 errors, 0 left on base; Peoria 7 - Dayton 6
BOTTOM OF THE 6TH
Dayton Dragons batting - Pitching for Peoria Chiefs : LHP Ken Compton
Batting: LHB Nick Nino 0-0: Ball
1-0: Ground out 5-3 (Groundball, 5, EV 85.0 MPH)
Batting: LHB Leo Gomez 0-0: Called Strike
0-1: Ball
1-1: Called Strike
1-2: Strikes out swinging
Batting: LHB Chris Grunwald 0-0: Ball
1-0: Called Strike
1-1: Called Strike
1-2: Strikes out looking
Bottom of the 6th over - 0 runs, 0 hits, 0 errors, 0 left on base; Peoria 7 - Dayton 6
TOP OF THE 7TH
Peoria Chiefs batting - Pitching for Dayton Dragons : RHP Doug Elliott
Batting: RHB Perry Huse 0-0: Called Strike
0-1: Foul Ball, location: 2F
0-2: Ball
1-2: Foul Ball, location: 2F
1-2: Strikes out looking
Batting: LHB Ichiro Toyota 0-0: Ground out 6-3 (Groundball, 6, EV 82.5 MPH)
Batting: RHB Melvin Enriquez 0-0: Ball
1-0: Foul Ball, location: 2F
1-1: Ball
2-1: Ground out 6-3 (Groundball, 6M, EV 99.4 MPH)
Top of the 7th over - 0 runs, 0 hits, 0 errors, 0 left on base; Peoria 7 - Dayton 6
BOTTOM OF THE 7TH
Dayton Dragons batting - Pitching for Peoria Chiefs : LHP Ken Compton
Pitching: RHP Cory Falcon
Batting: SHB Kristian Kristensen 0-0: Called Strike
0-1: Ball
1-1: Ground out 4-3 (Groundball, 4, EV 105.0 MPH)
Batting: RHB Bruno André 0-0: Called Strike
0-1: Foul Ball, location: 2F
0-2: Ball
1-2: Strikes out swinging
Batting: RHB John Galluzzo 0-0: Ball
1-0: Called Strike
1-1: Reached on error, E2 (Groundball, 2L, EV 76.2 MPH)
Pinch Hitting: LHB Andrew Hamm 0-0: Ball
1-0: Ball
2-0: Ball
3-0: Base on Balls
Pinch Runner at 2nd Tim Walter:
Batting: RHB Jonathan Davis 0-0: Ground out 6-3 (Groundball, 6S, EV 90.0 MPH)
Bottom of the 7th over - 0 runs, 0 hits, 1 error, 2 left on base; Peoria 7 - Dayton 6
TOP OF THE 8TH
Peoria Chiefs batting - Pitching for Dayton Dragons : RHP Doug Elliott
Pitching: LHP Tim Ketcham
Now at 1B: Andrew Hamm
Now at 2B: Nick Nino
Now at SS: Tim Walter
Batting: RHB Josh Martin 0-0: Ground out 6-3 (Groundball, 6D, EV 97.5 MPH)
Pitching: RHP Adam McCurdy
Batting: RHB Dan Boykins 0-0: Called Strike
0-1: Ball
1-1: Ball
2-1: Foul Ball, location: 2F
2-2: Strikes out swinging
Batting: RHB Travis Leonard 0-0: Swinging Strike
0-1: SINGLE (Line Drive, 7LS, EV 100.6 MPH)
Batting: LHB Jay Fenderson 0-0: Ball
Travis Leonard steals 2nd base
1-0: Ground out 6-3 (Groundball, 6MS, EV 89.4 MPH)
Top of the 8th over - 0 runs, 1 hit, 0 errors, 1 left on base; Peoria 7 - Dayton 6
BOTTOM OF THE 8TH
Dayton Dragons batting - Pitching for Peoria Chiefs : RHP Cory Falcon
Pitching: LHP Nick Suggett
Batting: LHB Matt Kennedy 0-0: Called Strike
0-1: Swinging Strike
0-2: Ball
1-2: Ball
2-2: Ball
3-2: Foul Ball, location: 2F
3-2: Strikes out swinging
Batting: LHB Nick Nino 0-0: Called Strike
0-1: Swinging Strike
0-2: Hit by Pitch
Batting: LHB Leo Gomez 0-0: Ball
1-0: Called Strike
1-1: Foul Ball, location: 2F
1-2: 2-RUN HOME RUN (Flyball, 89XD, EV 98.8 MPH), Distance : 388 ft
Batting: LHB Chris Grunwald 0-0: Ball
1-0: SINGLE (Flyball, 6D, EV 84.4 MPH)
Batting: SHB Kristian Kristensen 0-0: Ball
1-0: Called Strike
Chris Grunwald is caught stealing 2nd base 2-4
1-1: Fly out, F6 (Popup, 56, EV 76.2 MPH)
Bottom of the 8th over - 2 runs, 2 hits, 0 errors, 0 left on base; Peoria 7 - Dayton 8
TOP OF THE 9TH
Peoria Chiefs batting - Pitching for Dayton Dragons : RHP Adam McCurdy
Batting: RHB Justin Reich 0-0: Ground out 6-3 (Groundball, 6S, EV 81.2 MPH)
Batting: SHB Josh Conner 0-0: Foul Ball, location: 2F
0-1: Ball
1-1: Ball
2-1: Swinging Strike
2-2: Foul Ball, location: 2F
2-2: Foul Ball, location: 2F
2-2: Strikes out looking
Pinch Hitting: SHB Bobby O'Leary 0-0: Ball
1-0: Ground out 5-3 (Groundball, 5S, EV 68.1 MPH)
Top of the 9th over - 0 runs, 0 hits, 0 errors, 0 left on base; Peoria 7 - Dayton 8
Thursday, March 31st , 2022 - OOTP Baseball 22.12 Build 89